 Dungeon Crawl Stone Soup version 0.26-a0-1176-g060ceda6a5 (webtiles) character file.

Game seed: 15363334746305220150

10327 loralnil the Martial Artist (level 11, -6/84 HPs)
             Began as a Gnoll Transmuter on Dec 24, 2020.
             Was a High Priest of Okawaru.
             Mangled by a vampire mosquito (8 damage)
             ... on level 11 of the Dungeon.
             The game lasted 00:21:40 (10729 turns).

loralnil the Martial Artist (Gnoll Transmuter)     Turns: 10729, Time: 00:21:41

Health: -6/84      AC:  7    Str: 13    XL:     11   Next: 60%
Magic:  18/23      EV: 21    Int: 18    God:    Okawaru [*****.]
Gold:   409        SH: 17    Dex: 16    Spells: 1/26 levels left

rFire    + + .     SeeInvis .     - Unarmed
rCold    . . .     Faith    .   E - +0 kite shield
rNeg     . . .     Spirit   .   x - +1 robe {Archmagi}
rPois    .         Reflect  +   (helmet currently unavailable)
rElec    .         Harm     .   f - +2 cloak
rCorr    .         Rampage  .   (no gloves)
Will     .....                  (boots currently unavailable)
Stlth    +++++.....             r - amulet of reflection
HPRegen  0.24/turn              b - ring of protection from fire
MPRegen  0.18/turn              w - ring of protection from fire

@: appendages, heroism
A: distributed training, fangs 1, horns 2, talons 2, strong nose
a: End Transformation, Renounce Religion, Heroism, Finesse


You were on level 11 of the Dungeon.
You worshipped Okawaru.
Okawaru was extremely pleased with you.
You had grown temporary horns.
You had grown temporary talons.
You visited 2 branches of the dungeon, and saw 12 of its levels.

You collected 581 gold pieces.
You spent 172 gold pieces at shops.

Inventory:

Armour
 f - a +2 cloak (worn)
 i - a +1 robe of positive energy
 x - a +1 robe of the Archmagi (worn)
 E - a +0 kite shield (worn)
Jewellery
 a - an uncursed ring of wizardry
 b - a ring of protection from fire (left hand)
 r - an amulet of reflection (around neck)
 t - an uncursed ring of poison resistance
 w - a ring of protection from fire (right hand)
 H - an uncursed ring of protection from fire
Wands
 d - a wand of iceblast (14)
 m - a wand of polymorph (8)
 u - a wand of enslavement (6)
 y - a wand of random effects (16)
 D - a wand of flame (32)
 F - a wand of acid (10)
 J - a wand of disintegration (30)
Scrolls
 c - 7 scrolls of remove curse
 g - 2 scrolls of amnesia
 j - 2 scrolls of fear
 k - 2 scrolls of magic mapping
 n - 5 scrolls of enchant weapon
 o - 9 scrolls of teleportation
 q - 3 scrolls of immolation
 B - a scroll of noise {unknown}
 C - 2 scrolls of random uselessness {unknown}
 I - 2 scrolls of enchant armour {unknown}
Potions
 e - 2 potions of might
 h - 2 potions of ambrosia
 l - 4 potions of curing
 p - 7 potions of flight
 s - 3 potions of berserk rage
 v - 5 potions of brilliance
 z - a potion of invisibility
 A - a potion of haste
 L - a potion of magic {unknown}


   Skills:
 + Level 7.0(12.0) Fighting
 + Level 6.4(11.4) Short Blades
 + Level 6.4(11.4) Long Blades
 + Level 6.4(11.4) Axes
 + Level 6.4(11.4) Maces & Flails
 + Level 6.4(11.4) Polearms
 + Level 6.4(11.4) Staves
 + Level 6.4(11.4) Slings
 + Level 6.4(11.4) Bows
 + Level 6.4(11.4) Crossbows
 + Level 6.4(11.4) Throwing
 + Level 6.4(11.4) Armour
 + Level 8.0(13.0) Dodging
 + Level 6.4(11.4) Stealth
 + Level 6.4(11.4) Shields
 + Level 9.3(14.3) Unarmed Combat
 + Level 8.2 Spellcasting
 + Level 5.3 Conjurations
 + Level 5.3 Hexes
 + Level 5.3 Summonings
 + Level 5.3 Necromancy
 + Level 5.3 Translocations
 + Level 6.6 Transmutations
 + Level 5.3 Fire Magic
 + Level 5.3 Ice Magic
 + Level 5.3 Air Magic
 + Level 5.3 Earth Magic
 + Level 5.3 Poison Magic
 + Level 7.1 Invocations
 + Level 6.4 Evocations


You had one spell level left.
You knew the following spells:

 Your Spells              Type           Power        Failure   Level
a - Beastly Appendage     Tmut           94%          1%          1
b - Wereblood             Tmut           47%          1%          2
c - Spider Form           Tmut/Pois      21%          3%          3
d - Ice Form              Ice/Tmut       43%          13%         4
e - Blade Hands           Tmut           23%          26%         5
f - Shock                 Conj/Air       100%         1%          1
g - Petrify               Tmut/Erth      43%          13%         4
h - Metabolic Englaciati  Hex/Ice        20%          41%         5

Your spell library contained the following spells:

 Spells                   Type           Power        Failure   Level
 Swiftness                Air            40%          2%          2
 Confusing Touch          Hex            40%          4%          3
 Gell's Gravitas          Tloc           20%          4%          3
 Static Discharge         Conj/Air       40%          4%          3
 Airstrike                Air            20%          16%         4
 Yara's Violent Unravell  Hex/Tmut       21%          34%         5
 Lightning Bolt           Conj/Air       20%          41%         5


Dungeon Overview and Level Annotations

Branches:
Dungeon (11/15)            Temple (1/1) D:6
   Lair: D:8-11         Orc: D:9-12

Altars:
Ashenzari
Dithmenos
Fedhas
Kikubaaqudgha
Okawaru
Ru
Vehumet
Yredelemnul
The Shining One

Shops:
D:8 ?   D:11 [


Innate Abilities, Weirdness & Mutations

Your experience applies equally to all skills.
You have very sharp teeth.
Your uncanny sense of smell can sniff out nearby items.
You have a pair of horns on your head.
You have razor-sharp toenails.


Message History

You reflect the arrow off an invisible shield around you!
The arrow hits the centaur warrior!!
Casting: Shock (safe; 3% risk of failure)
Confirm with . or Enter, or press ? or * to list all spells.
Aiming: Shock (safe; 3% risk of failure)
Press: ? - help, Shift-Dir - straight line, f/p - deep elf mage
Aim: a deep elf mage, wielding a +0 dagger (almost dead, 36% to evade)
You feel a surge of power!
The zap misses the deep elf mage.
The centaur warrior shoots an arrow.
The arrow closely misses you.
You block the vampire mosquito's attack.
You gain the combat prowess of a mighty hero.
You block the vampire mosquito's attack.
The centaur warrior shoots an arrow.
You reflect the arrow off an invisible shield around you!
The arrow misses the vampire mosquito.
The arrow hits the centaur warrior!
The vampire mosquito misses you.
You hit the vampire mosquito.
The vampire mosquito is heavily damaged.
The vampire mosquito bites you!
You die...

#...............E.....##
###....###.........###.#
#.)..........E.#..###)
∆∆ #...........E..#
..### ∆∆
#..........E...# ....
#..[..........(.. ###
#......e.....c.... #.
"?..# zy
#.......y........## #
[)..##cH
#.....#@...........
......# #.....(........
...... ###..............
....# #................
.... ###.#........#.....
..# #.............###.#
..####.##..........# #
.....#.##..........##
....................#


You could see a centaur warrior, 3 earth elementals, a deep elf mage and a
vampire mosquito.

Vanquished Creatures
  A two-headed ogre (D:10)
  Erica (D:9)
  Pikel (D:9)
  Maggie (D:7)
  Prince Ribbit (D:7)
  Sigmund (D:5)
  4 fire bats (D:8)
  2 wyverns (D:8)
  3 yaks (D:11)
  Grum (D:9)
  A steam dragon (D:10)
  3 vampire mosquitoes (D:11)
  A hell hound (D:8)
  A water moccasin (D:7)
  3 orc warriors
  3 ice beasts (D:9)
  A hornet zombie (D:8)
  A black bear (D:10)
  A phantom (D:6)
  4 sky beasts
  3 ogres
  4 wolves (D:9)
  4 centaurs
  3 big kobolds
  Blork the orc (D:5)
  8 bullfrogs
  3 scorpions
  7 wights
  7 howler monkeys
  2 lava snakes (D:8)
  2 centaur zombies (D:6)
  A jelly (D:5)
  2 centaur skeletons
  5 bullfrog zombies
  9 orc priests
  6 hounds
  11 orc wizards
  Terence (D:3)
  Jessica (D:2)
  Ijyb (D:4)
  5 iguanas
  12 worker ants
  A killer bee zombie (D:6)
  2 hound zombies
  A worker ant zombie (D:9)
  A howler monkey skeleton (D:8)
  14 adders
  2 shadow imps
  3 white imps
  2 ufetubi (D:9)
  2 adder zombies
  3 adder skeletons
  2 worms
  3 dart slugs (D:1)
  8 leopard geckos
  43 orcs
  A ball python (D:4)
  6 bats
  6 giant cockroaches
  12 goblins
  8 hobgoblins
  12 jackals
  2 quokkas
  2 frilled lizards
  26 kobolds
  A leopard gecko zombie (D:6)
  2 quokka skeletons
  A quokka zombie (D:8)
  8 rats
307 creatures vanquished.

Vanquished Creatures (others)
  A fire vortex (D:8)
1 creature vanquished.

Grand Total: 308 creatures vanquished

Notes
Turn   | Place    | Note
-------+----------+-------------------------------------------
     0 | D:1      | loralnil the Gnoll Transmuter began the quest for the Orb.
     0 | D:1      | Reached XP level 1. HP: 17/17 MP: 6/6
   199 | D:1      | Reached XP level 2. HP: 22/23 MP: 7/7
   216 | D:1      | Learned a level 2 spell: Wereblood
   426 | D:1      | Reached XP level 3. HP: 28/28 MP: 7/9
   428 | D:1      | Reached skill level 5 in Spellcasting
   441 | D:1      | Learned a level 3 spell: Spider Form
   963 | D:2      | Reached skill level 1 in Invocations
   979 | D:2      | Found a broken altar of Ashenzari.
   995 | D:2      | Reached skill level 1 in Short Blades
   995 | D:2      | Reached skill level 1 in Long Blades
   995 | D:2      | Reached skill level 1 in Axes
   995 | D:2      | Reached skill level 1 in Maces & Flails
   995 | D:2      | Reached skill level 1 in Polearms
   995 | D:2      | Reached skill level 1 in Staves
   995 | D:2      | Reached skill level 1 in Slings
   995 | D:2      | Reached skill level 1 in Bows
   995 | D:2      | Reached skill level 1 in Crossbows
   995 | D:2      | Reached skill level 1 in Throwing
   995 | D:2      | Reached skill level 1 in Armour
   995 | D:2      | Reached skill level 1 in Stealth
   995 | D:2      | Reached skill level 1 in Shields
   995 | D:2      | Reached skill level 1 in Evocations
  1011 | D:2      | Reached XP level 4. HP: 21/34 MP: 9/11
  1435 | D:2      | Noticed Jessica
  1441 | D:2      | Killed Jessica
  1442 | D:2      | Reached skill level 1 in Conjurations
  1442 | D:2      | Reached skill level 1 in Hexes
  1442 | D:2      | Reached skill level 1 in Summonings
  1442 | D:2      | Reached skill level 1 in Necromancy
  1442 | D:2      | Reached skill level 1 in Translocations
  1442 | D:2      | Reached skill level 1 in Fire Magic
  1442 | D:2      | Reached skill level 1 in Ice Magic
  1442 | D:2      | Reached skill level 1 in Air Magic
  1442 | D:2      | Reached skill level 1 in Earth Magic
  1442 | D:2      | Reached skill level 1 in Poison Magic
  1711 | D:2      | Reached XP level 5. HP: 40/40 MP: 10/12
  1878 | D:3      | Found a shadowy altar of Dithmenos.
  1925 | D:3      | Noticed Terence
  1937 | D:3      | Killed Terence
  2035 | D:3      | Reached XP level 6. HP: 26/47 MP: 11/13
  2458 | D:3      | Reached skill level 5 in Dodging
  2655 | D:3      | Found a sacrificial altar of Ru.
  3124 | D:4      | Reached XP level 7. HP: 48/52 MP: 15/15
  3264 | D:4      | Noticed Ijyb
  3276 | D:4      | Killed Ijyb
  3526 | D:5      | Entered Level 5 of the Dungeon
  3534 | D:5      | Reached skill level 7 in Unarmed Combat
  3578 | D:5      | Identified the +2 ring mail of Yesterday {rF+ MP+9 SInv}
  3642 | D:5      | Noticed Sigmund
  3653 | D:5      | Killed Sigmund
  3654 | D:5      | Reached XP level 8. HP: 22/60 MP: 13/16
  4154 | D:5      | Noticed Blork the orc
  4164 | D:5      | Killed Blork the orc
  4281 | D:5      | Found a blossoming altar of Fedhas.
  4287 | D:5      | Learned a level 4 spell: Ice Form
  4904 | D:6      | Reached XP level 9. HP: 66/66 MP: 18/18
  4964 | D:6      | Reached skill level 5 in Transmutations
  5193 | D:6      | Found a radiant altar of Vehumet.
  5371 | D:6      | Learned a level 5 spell: Blade Hands
  5424 | D:6      | Found a staircase to the Ecumenical Temple.
  5439 | Temple   | Entered the Ecumenical Temple
  5458 | Temple   | Became a worshipper of Warmaster Okawaru
  5563 | D:7      | Reached skill level 5 in Fighting
  5703 | D:7      | Noticed Prince Ribbit
  5721 | D:7      | Killed Prince Ribbit
  5722 | D:7      | Reached skill level 8 in Unarmed Combat
  5817 | D:7      | Noticed Maggie
  5825 | D:7      | Killed Maggie
  5825 | D:7      | Reached * piety under Okawaru
  5826 | D:7      | Reached skill level 5 in Invocations
  6155 | D:7      | Reached XP level 10. HP: 67/74 MP: 20/20
  6548 | D:8      | Reached skill level 5 in Short Blades
  6548 | D:8      | Reached skill level 5 in Long Blades
  6548 | D:8      | Reached skill level 5 in Axes
  6548 | D:8      | Reached skill level 5 in Maces & Flails
  6548 | D:8      | Reached skill level 5 in Polearms
  6548 | D:8      | Reached skill level 5 in Staves
  6548 | D:8      | Reached skill level 5 in Slings
  6548 | D:8      | Reached skill level 5 in Bows
  6548 | D:8      | Reached skill level 5 in Crossbows
  6548 | D:8      | Reached skill level 5 in Throwing
  6548 | D:8      | Reached skill level 5 in Armour
  6548 | D:8      | Reached skill level 5 in Stealth
  6548 | D:8      | Reached skill level 5 in Shields
  6548 | D:8      | Reached skill level 5 in Evocations
  6639 | D:8      | Found Zuceimot's Magic Scroll Shop.
  6642 | D:8      | Bought a scroll of identify for 30 gold pieces
  6642 | D:8      | Bought a scroll of blinking for 112 gold pieces
  6642 | D:8      | Bought a scroll of identify for 30 gold pieces
  6912 | D:8      | Reached ** piety under Okawaru
  7280 | D:8      | Found a basalt altar of Yredelemnul.
  7651 | D:8      | Learned a level 1 spell: Shock
  8164 | D:9      | Reached *** piety under Okawaru
  8320 | D:9      | Noticed Pikel
  8342 | D:9      | Killed Pikel
  8654 | D:9      | Noticed Grum
  8679 | D:9      | Reached XP level 11. HP: 31/83 MP: 22/22
  8687 | D:9      | Killed Grum
  8709 | D:9      | Noticed Erica
  8747 | D:9      | Killed Erica
  8747 | D:9      | Reached **** piety under Okawaru
  8748 | D:9      | Reached skill level 9 in Unarmed Combat
  8748 | D:9      | Reached skill level 5 in Conjurations
  8748 | D:9      | Reached skill level 5 in Hexes
  8748 | D:9      | Reached skill level 5 in Summonings
  8748 | D:9      | Reached skill level 5 in Necromancy
  8748 | D:9      | Reached skill level 5 in Translocations
  8748 | D:9      | Reached skill level 5 in Fire Magic
  8748 | D:9      | Reached skill level 5 in Ice Magic
  8748 | D:9      | Reached skill level 5 in Air Magic
  8748 | D:9      | Reached skill level 5 in Earth Magic
  8748 | D:9      | Reached skill level 5 in Poison Magic
  9096 | D:9      | Found a glowing golden altar of the Shining One.
  9172 | D:10     | Entered Level 10 of the Dungeon
  9197 | D:10     | Noticed a two-headed ogre
  9220 | D:10     | Killed a two-headed ogre
  9419 | D:10     | Got a steaming robe
  9430 | D:10     | Identified the +2 robe "Cilupnod" {+Fly rPois Dex-5} (You
                  | found it on level 10 of the Dungeon)
  9801 | D:10     | Reached ***** piety under Okawaru
  9855 | D:10     | Learned a level 4 spell: Petrify
  9861 | D:10     | Learned a level 5 spell: Metabolic Englaciation
 10159 | D:11     | HP: 3/83 [vampire mosquito (4)]
 10514 | D:11     | Noticed a centaur warrior
 10514 | D:11     | Noticed a manticore
 10586 | D:11     | Found Cedailic's Antique Armour Emporium.
 10711 | D:11     | Noticed a deep elf mage
 10718 | D:11     | Noticed a centaur warrior
 10723 | D:11     | HP: 1/84 [deep elf mage/stone arrow (22)]
 10729 | D:11     | Mangled by a vampire mosquito

Illustrated notes

Levels and vault maps discovered:
D:1:      saegor_arrival_miasma, layout_basic, hex_tiny
D:2:      minmay_diamond_boxcup, layout_rooms, lemuel_doored_altar, uniq_jessica
D:3:      layout_rooms, nicolae_ru_the_path_less_chosen,
          lemuel_coloured_pillars_altar, uniq_terence
D:4:      layout_cave_pools, uniq_ijyb
D:5:      layout_rooms, old_standard_altar, uniq_blork_the_orc, uniq_sigmund
D:6:      layout_gridville, old_standard_altar, minmay_temple_entry_large_hall,
          serial_undead, serial_undead_d, serial_undead_d, serial_undead_a,
          serial_undead_f, corexii_corridor_pit
D:7:      layout_basic, uniq_maggie, uniq_prince_ribbit1
D:8:      layout_basic, kennysheep_little_box, serial_shops,
          nicolae_shop_behind_doors, hangedman_incinerator
D:9:      layout_rooms, lemuel_round_altar, nicolae_lava_and_water, uniq_pikel,
          uniq_erica, uniq_grum
D:10:     layout_gridville
D:11:     minmay_bloctagon, layout_rooms, lair_entry_dummy, serial_shops, shop,
          serial_curves, eino_curves_03, eino_curves_03, kb_rosetta
Temple:   regret_index_temple_waves

Skill      XL: |  1  2  3  4  5  6  7  8  9 10 11 |
---------------+----------------------------------+-----
Spellcasting   | 5 6 7 8 |  8.2
Invocations    | 1 2 3 4 5 6 7 |  7.1
Short Blades   | 1 2 3 4 5 6 |  6.4
Long Blades    | 1 2 3 4 5 6 |  6.4
Axes           | 1 2 3 4 5 6 |  6.4
Maces & Flails | 1 2 3 4 5 6 |  6.4
Polearms       | 1 2 3 4 5 6 |  6.4
Staves         | 1 2 3 4 5 6 |  6.4
Slings         | 1 2 3 4 5 6 |  6.4
Bows           | 1 2 3 4 5 6 |  6.4
Crossbows      | 1 2 3 4 5 6 |  6.4
Throwing       | 1 2 3 4 5 6 |  6.4
Armour         | 1 2 3 4 5 6 |  6.4
Stealth        | 1 2 3 4 5 6 |  6.4
Shields        | 1 2 3 4 5 6 |  6.4
Evocations     | 1 2 3 4 5 6 |  6.4
Conjurations   | 1 2 3 4 5 |  5.3
Hexes          | 1 2 3 4 5 |  5.3
Summonings     | 1 2 3 4 5 |  5.3
Necromancy     | 1 2 3 4 5 |  5.3
Translocations | 1 2 3 4 5 |  5.3
Fire Magic     | 1 2 3 4 5 |  5.3
Ice Magic      | 1 2 3 4 5 |  5.3
Air Magic      | 1 2 3 4 5 |  5.3
Earth Magic    | 1 2 3 4 5 |  5.3
Poison Magic   | 1 2 3 4 5 |  5.3
Fighting       | 3 4 5 6 7 |  7.0
Transmutations | 4 5 6 |  6.6
Dodging        | 5 6 7 8 |  8.0
Unarmed Combat | 7 8 9 |  9.3

Action                   |  1- 3 |  4- 6 |  7- 9 | 10-12 || total
-------------------------+-------+-------+-------+-------++-------
Melee: Unarmed           |    68 |   154 |   286 |   468 ||   976
       Kick              |    17 |    21 |    38 |    77 ||   153
       Headbutt          |     5 |    11 |    21 |    56 ||    93
       Bite              |     2 |    11 |    12 |    23 ||    48
       Punch             |     1 |     4 |     8 |       ||    13
 Cast: Beastly Appendage |    19 |    28 |    22 |    42 ||   111
       Spider Form       |       |     4 |    12 |    11 ||    27
       Blade Hands       |       |       |     1 |     2 ||     3
       Ice Form          |       |       |     1 |     2 ||     3
       Shock             |       |       |       |    25 ||    25
Invok: Heroism           |       |       |       |     5 ||     5
  Use: Scroll            |     2 |     4 |     6 |     6 ||    18
       Potion            |       |       |       |     3 ||     3
 Stab: Sleeping          |       |     4 |     1 |     7 ||    12
Armor: Robe              |     8 |    23 |     9 |    29 ||    69
       Skin              |       |     4 |     7 |    10 ||    21
Dodge: Dodged            |    53 |    99 |   174 |   292 ||   618
Block: Other             |       |     9 |    53 |    42 ||   104
       Reflection        |       |     2 |     2 |    12 ||    16
       Kite shield       |       |       |       |   229 ||   229

Table legend: (Time is in decaauts)
 A = Elapsed time spent in this place.
 B = Non-inter-level travel time spent in this place.
 C = Inter-level travel time spent in this place.
 D = Time resting spent in this place.
 E = Time spent auto-exploring this place.
 F = Levels seen in this place.
 G = Mean time per level.
                   A        B        C        D        E       F      G
               +--------+--------+--------+--------+--------+-----+--------+
         Total |  10621 |  10456 |    165 |     57 |   8029 |  12 |  885.1 |
       Dungeon |  10594 |  10429 |    165 |     57 |   8013 |  11 |  963.1 |
        Temple |     26 |     26 |      0 |      0 |     16 |   1 |   26.0 |
               +--------+--------+--------+--------+--------+-----+--------+

Top non-repeatable levels by time:
     D:8: 1386 daAuts
     D:9: 1364 daAuts
     D:6: 1120 daAuts
    D:10: 945 daAuts
     D:1: 914 daAuts
     D:3: 870 daAuts
     D:2: 870 daAuts
     D:5: 855 daAuts
     D:7: 842 daAuts
     D:4: 838 daAuts
    D:11: 586 daAuts
  Temple: 26 daAuts
